 Dungeon Crawl Stone Soup version 0.30.0-29-ga12c61a403 (webtiles) character file.

Game seed: 14226851745289694086

64 ChadusMaximus the Caller (level 4, -4/30 HPs)
             Began as a Barachi Summoner on June 22, 2023.
             Slain by an iguana (13 damage)
             ... on level 3 of the Dungeon.
             The game lasted 00:02:21 (2428 turns).

ChadusMaximus the Caller (Barachi Summoner)         Turns: 2428, Time: 00:02:21

Health: -4/30      AC:  2    Str:  9    XL:     4   Next: 12%
Magic:  4/9        EV: 12    Int: 17    God:
Gold:   57         SH:  0    Dex: 13    Spells: 3/9 levels left

rFire   . . .        d - +0 whip
rCold   . . .        (no shield)
rNeg    . . .        a - +0 robe
rPois   .            (no helmet)
rElec   .            (no cloak)
rCorr   .            (no gloves)
SInv    .            (no boots)
Will    .....        (no amulet)
Stlth   ++           (no ring)
HPRegen 0.25/turn    (no ring)
MPRegen 0.11/turn

%: no passive effects
@: slow
A: amphibious, slowness 1, strong legs 1, +LOS
a: Hop


You were on level 3 of the Dungeon.
You visited 1 branch of the dungeon, and saw 3 of its levels.

You collected 57 gold pieces.

Inventory:

Hand Weapons
 d - a +0 whip (weapon)
Armour
 a - a +0 robe (worn)
Scrolls
 c - 5 scrolls of identify {unknown}
 e - a scroll of magic mapping {unknown}
 f - a scroll of blinking {unknown}
 g - 2 scrolls of teleportation {unknown}
 i - a scroll of amnesia {unknown}
 j - a scroll of summoning {unknown}
 n - a scroll of brand weapon {unknown}
 o - a scroll of poison {unknown}
 p - a scroll of vulnerability {unknown}
 q - a scroll of fog {unknown}
Potions
 b - 2 potions of magic
 h - a potion of resistance {unknown}
 k - 4 potions of curing
 l - 2 potions of haste {unknown}
 m - a potion of flight {unknown}


   Skills:
 - Level 2.3 Dodging
 - Level 2.0 Stealth
 + Level 3.3 Spellcasting
 + Level 5.7 Summonings


You had 3 spell levels left.
You knew the following spells:

 Your Spells              Type           Power      Damage    Failure   Level
a - Summon Small Mammal   Summ           88%        N/A       1%          1
b - Call Canine Familiar  Summ           22%        N/A       4%          3
c - Call Imp              Summ           44%        N/A       2%          2

Your spell library contained the following spells:

 Spells                   Type           Power      Damage    Failure   Level
 Summon Guardian Golem    Hex/Summ       12%        N/A       16%         3
 Freeze                   Ice            8%         1d3       17%         1
 Frozen Ramparts          Ice            4%         1d1       45%         3
 Hailstorm                Conj/Ice       2%         3d3       45%         3
 Summon Lightning Spire   Summ/Air       12%        N/A       45%         4


Dungeon Overview and Level Annotations

Branches:
Dungeon (3/15)

Altars:
Trog


Innate Abilities, Weirdness & Mutations

You are amphibious.
You cover ground slowly.
You can hop short distances.
You have an extended range of vision and can be seen from far away.


Message History

You hit the iguana.
The iguana is moderately wounded.
Your hound barely misses the iguana.
Your hound bites the iguana.
The iguana barely misses you.
Your cerulean imp barely misses the iguana.
You hit the iguana but do no damage.
The iguana is moderately wounded.
Your hound bites the iguana.
The iguana bites you.
Your cerulean imp hits the iguana but does no damage.
Your hound barely misses the iguana.
You hit the iguana but do no damage.
The iguana is heavily wounded.
Your hound closely misses the iguana.
The iguana misses you.
Your cerulean imp completely misses the iguana.
Unknown command.
Unknown command.
You hit the iguana but do no damage.
The iguana is heavily wounded.
Your hound bites the iguana.
The iguana barely misses you.
Your hound bites the iguana.
Your cerulean imp hits the iguana but does no damage.
You hit the iguana but do no damage.
The iguana is severely wounded.
Your hound bites the iguana but does no damage.
The iguana barely misses your hound.
Your cerulean imp hits the iguana but does no damage.
Your hound barely misses the iguana.
Unknown command.
You hit the iguana but do no damage.
The iguana is heavily wounded.
The iguana bites you!
* * * LOW HITPOINT WARNING * * *
Your hound bites the iguana.
Your cerulean imp barely misses the iguana.
You are too injured to fight recklessly!
You are too injured to fight recklessly!
Unknown command.
You are too injured to fight recklessly!
The iguana attacks as you move away! The iguana bites you!
You die...

..........................
......##..###...#.#......
......#.†.# #...#.#.######
......#...#######.#.......
.....##..............##
.....##+##............+
.................†....#..
..............##..........
.##...........#.@5#+#.....
. #..###......#hl.# #####
. #..###......#...# . .
#.....#######...#.#.#
#...............#.#.##.
#>..............#..... .
#..##...........#...##
.##.)†..................
.......###..........######


You could see an iguana (ally target), a friendly hound (summoned) and a
friendly cerulean imp (summoned).

Vanquished Creatures
  A dart slug (D:1)
  An orc (D:3)
  4 ball pythons
  3 bats (D:2)
  4 endoplasms
  3 giant cockroaches
  4 goblins
  3 hobgoblins
  A jackal (D:2)
  A quokka (D:2)
  3 frilled lizards (D:1)
  2 kobolds
  5 rats
35 creatures vanquished.

Vanquished Creatures (collateral kills)
  A worm (D:3)
  An orc (D:3)
  A bat (D:3)
  An endoplasm (D:3)
  A goblin (D:1)
  2 hobgoblins
  5 jackals
  A kobold (D:3)
  A quokka (D:1)
  A rat (D:3)
15 creatures vanquished.

Grand Total: 50 creatures vanquished

Notes
Turn   | Place    | Note
-------+----------+-------------------------------------------
     0 | D:1      | ChadusMaximus the Barachi Summoner began the quest for the
                  | Orb.
     0 | D:1      | Reached XP level 1. HP: 13/13 MP: 3/3
    87 | D:1      | Found a bloodstained altar of Trog.
   199 | D:1      | Reached XP level 2. HP: 18/19 MP: 1/5
   218 | D:1      | Reached skill level 5 in Summonings
   778 | D:1      | Reached XP level 3. HP: 20/24 MP: 7/7
  2284 | D:3      | Learned a level 3 spell: Call Canine Familiar
  2287 | D:3      | Learned a level 2 spell: Call Imp
  2297 | D:3      | Reached XP level 4. HP: 30/30 MP: 3/8
  2428 | D:3      | Slain by an iguana

Illustrated notes

Levels and vault maps discovered:
D:1:      dpeg_arrival_lava_altar, layout_loops_ring
D:2:      layout_loops_ring
D:3:      layout_basic

Skill      XL: |  1  2  3 |
---------------+----------+-----
Stealth        | 2 |  2.0
Summonings     | 5 |  5.7
Spellcasting   | 3 |  3.3
Dodging        | |  2.3

Action                     |  1- 3 |  4- 6 || total
---------------------------+-------+-------++-------
  Melee: Unarmed           |    74 |       ||    74
         Punch             |     4 |       ||     4
         Whip              |   164 |    15 ||   179
   Cast: Summon Small Mamm |    22 |       ||    22
         Call Imp          |     1 |     1 ||     2
         Call Canine Famil |     1 |     1 ||     2
   Stab: Distracted        |     1 |       ||     1
         Sleeping          |     3 |       ||     3
 Armour: Robe              |    61 |       ||    61
  Dodge: Dodged            |   208 |     9 ||   217
